 Dungeon Crawl Stone Soup version 0.30-a0-553-g7fabdf1491 (webtiles) character file.

Game seed: 12475379363006120648

1043 arthad the Shield-Bearer (level 8, -3/67 HPs)
             Began as a Gnoll Fighter on Dec 26, 2022.
             Slain by an orc warrior
             ... wielding a +0 halberd
              (18 damage)
             ... on level 6 of the Dungeon on Dec 27, 2022.
             The game lasted 00:08:16 (5000 turns).

arthad the Shield-Bearer (Gnoll Fighter)            Turns: 5000, Time: 00:08:16

Health: -3/67      AC:  9    Str: 17    XL:     8   Next: 25%
Magic:  12/12      EV: 11    Int:  7    God:
Gold:   162        SH:  7    Dex: 19    Spells: 12/13 levels left

rFire   . . .      SeeInvis .    a - +0 war axe
rCold   . . .      Faith    .    c - +1 buckler
rNeg    . . .      Spirit   .    b - +0 scale mail
rPois   .          Reflect  .    (no helmet)
rElec   .          Harm     .    k - +0 cloak
rCorr   .          Rampage  .    (no gloves)
Will    .....                    (no boots)
Stlth   +                        (no amulet)
HPRegen 0.31/turn                m - ring of wizardry
MPRegen 0.13/turn                q - +6 ring of dexterity

@: about to teleport
A: fangs 1, strong nose, distributed training
a: no special abilities


You were on level 6 of the Dungeon.
You visited 1 branch of the dungeon, and saw 6 of its levels.

You collected 162 gold pieces.

Inventory:

Hand Weapons
 a - a +0 war axe (weapon)
 j - a +2 vorpal scythe
 r - a +1 flail of protection
Missiles
 d - 2 boomerangs of dispersal
 p - a throwing net (quivered)
 t - 2 poisoned darts
Armour
 b - a +0 scale mail (worn)
 c - a +1 buckler (worn)
 k - a +0 cloak (worn)
 v - a +2 leather armour of cold resistance
Magical Staves
 e - a staff of cold
Jewellery
 m - a ring of wizardry (left hand)
 q - a +6 ring of dexterity (right hand)
 s - a +4 ring of evasion
Scrolls
 g - 2 scrolls of teleportation
 i - a scroll of noise
 n - a scroll of fog
Potions
 f - a potion of attraction
 l - a potion of degeneration
 o - a potion of berserk rage
 u - a potion of flight
 w - a potion of haste


   Skills:
 + Level 7.3 Fighting
 + Level 3.2 Short Blades
 + Level 3.2 Long Blades
 + Level 5.6 Axes
 + Level 3.2 Maces & Flails
 + Level 3.2 Polearms
 + Level 3.2 Staves
 + Level 3.2 Ranged Weapons
 + Level 3.2 Throwing
 + Level 7.3 Armour
 + Level 3.2 Dodging
 + Level 3.2 Stealth
 + Level 7.3 Shields
 + Level 3.2 Unarmed Combat
 + Level 3.2 Spellcasting
 + Level 2.6 Conjurations
 + Level 2.6 Hexes
 + Level 2.6 Summonings
 + Level 2.6 Necromancy
 + Level 2.6 Translocations
 + Level 2.6 Transmutations
 + Level 2.6 Fire Magic
 + Level 2.6 Ice Magic
 + Level 2.6 Air Magic
 + Level 2.6 Earth Magic
 + Level 2.6 Poison Magic
 + Level 3.5 Invocations
 + Level 3.2 Evocations


You had 12 spell levels left.
You knew the following spells:

 Your Spells              Type           Power      Damage    Failure   Level
a - Magic Dart            Conj           16%        1d3       16%         1

Your spell library contained the following spells:

 Spells                   Type           Power      Damage    Failure   Level
 Apportation              Tloc           8%         N/A       16%         1
 Necrotise                Necr           16%        1d4       16%         1
 Sting                    Tmut/Pois      16%        1d3       16%         1
 Summon Small Mammal      Summ           16%        N/A       16%         1
 Call Imp                 Summ           4%         N/A       26%         2
 Poisonous Vapours        Pois/Air       8%         N/A       26%         2
 Mephitic Cloud           Conj/Pois/Air  4%         N/A       43%         3
 Vampiric Draining        Necr           4%         2d6       43%         3
 Olgreb's Toxic Radiance  Pois           4%         N/A       82%         4
 Agony                    Necr           4%         N/A       98%         5


Dungeon Overview and Level Annotations

Branches:
Dungeon (6/15)
 Temple: D:4-7

Altars:
Ashenzari
Cheibriados
Elyvilon
Qazlal
Ru
Xom


Innate Abilities, Weirdness & Mutations

You have very sharp teeth.
Your uncanny sense of smell can sniff out nearby items.
Your experience applies equally to all skills.


Message History

The orc priest hits you but does no damage.
You closely miss the orc priest.
The orc priest miscasts a cantrip.
You closely miss the orc priest. You block the orc priest's attack.
The orc priest hits you but does no damage.
You hit the orc priest but do no damage.
An orc comes into view. It is wielding a +0 club.
The orc priest invokes the aid of Beogh against you.
Pain shoots through your body! You block the orc warrior's attack.
The orc shouts!
You hit the orc priest.
The orc priest is heavily wounded.
The orc warrior barely misses you.
The orc priest hits you with a +0 short sword.
You hit the orc priest but do no damage.
The orc priest is heavily wounded.
An orc comes into view. It is wielding a +0 dagger.
The orc priest hits you but does no damage.
The orc warrior hits you from afar with a +0 halberd!
You slash the orc priest!
You kill the orc priest!
You block the orc warrior's attack. x2
The orc warrior hits you with a +0 halberd.
Items here: )) [ †.
You hit the orc warrior but do no damage.
Your bite misses the orc warrior.
The orc warrior hits you with a +0 halberd.
You hit the orc warrior but do no damage.
The orc warrior hits you with a +0 halberd!
You slash the orc warrior!
The orc warrior is heavily wounded.
The orc warrior hits you with a +0 halberd!
* * * LOW HITPOINT WARNING * * *
Okay, then.
As you read the scroll of teleportation, it crumbles to dust.
You feel strangely unstable. You block the orc warrior's attack.
The orc warrior attacks as you move away!
The orc warrior misses you.
The orc warrior hits you from afar with a +0 halberd!!
You die...

#. #.##..# #...
#. #.##..# #..#
#.##..# #..# #
#.##..####..##.#
#. #...........#
#.#####..####
#........#
########.# #@#
#)# #o# #o# o.#
###


You could see an orc warrior and 2 orcs.

Vanquished Creatures
  Sigmund (D:3)
  An ice beast (D:5)
  Blork the orc (D:6)
  4 wights
  4 jellies
  A hound (D:6)
  An orc priest (D:6)
  Jessica (D:3)
  4 orc wizards
  7 gnolls
  3 adders
  An ufetubus (D:5)
  4 worms
  A dart slug (D:3)
  14 orcs
  7 ball pythons
  3 endoplasms
  5 giant cockroaches
  9 goblins
  7 hobgoblins
  2 jackals (D:5)
  2 quokkas
  4 bats
  4 frilled lizards
  7 kobolds
  6 rats
104 creatures vanquished.

Notes
Turn   | Place    | Note
-------+----------+-------------------------------------------
     0 | D:1      | arthad the Gnoll Fighter began the quest for the Orb.
     0 | D:1      | Reached XP level 1. HP: 23/23 MP: 1/1
   274 | D:1      | Reached XP level 2. HP: 29/29 MP: 2/2
   894 | D:2      | Reached XP level 3. HP: 17/35 MP: 3/3
  1298 | D:2      | Reached skill level 1 in Invocations
  1649 | D:2      | Reached skill level 1 in Short Blades
  1649 | D:2      | Reached skill level 1 in Long Blades
  1649 | D:2      | Reached skill level 1 in Maces & Flails
  1649 | D:2      | Reached skill level 1 in Polearms
  1649 | D:2      | Reached skill level 1 in Staves
  1649 | D:2      | Reached skill level 1 in Ranged Weapons
  1649 | D:2      | Reached skill level 1 in Throwing
  1649 | D:2      | Reached skill level 1 in Dodging
  1649 | D:2      | Reached skill level 1 in Stealth
  1649 | D:2      | Reached skill level 1 in Unarmed Combat
  1649 | D:2      | Reached skill level 1 in Spellcasting
  1649 | D:2      | Reached skill level 1 in Evocations
  1662 | D:2      | Reached XP level 4. HP: 34/41 MP: 5/5
  1914 | D:3      | Found a stormy altar of Qazlal.
  2102 | D:3      | Noticed Jessica
  2106 | D:3      | Killed Jessica
  2107 | D:3      | Reached skill level 1 in Conjurations
  2107 | D:3      | Reached skill level 1 in Hexes
  2107 | D:3      | Reached skill level 1 in Summonings
  2107 | D:3      | Reached skill level 1 in Necromancy
  2107 | D:3      | Reached skill level 1 in Translocations
  2107 | D:3      | Reached skill level 1 in Transmutations
  2107 | D:3      | Reached skill level 1 in Fire Magic
  2107 | D:3      | Reached skill level 1 in Ice Magic
  2107 | D:3      | Reached skill level 1 in Air Magic
  2107 | D:3      | Reached skill level 1 in Earth Magic
  2107 | D:3      | Reached skill level 1 in Poison Magic
  2177 | D:3      | Noticed Sigmund
  2198 | D:3      | HP: 2/41 [something (1)]
  2199 | D:3      | Killed Sigmund
  2200 | D:3      | Reached skill level 5 in Axes
  2200 | D:3      | Reached XP level 5. HP: 3/47 MP: 5/7
  2200 | D:3      | Reached XP level 6. HP: 4/53 MP: 5/8
  2393 | D:3      | Found a sacrificial altar of Ru.
  2514 | D:3      | Found a shimmering altar of Xom.
  2533 | D:3      | Learned a level 1 spell: Magic Dart
  3183 | D:4      | Reached XP level 7. HP: 29/60 MP: 10/10
  3634 | D:5      | Entered Level 5 of the Dungeon
  3664 | D:5      | Found a snail-covered altar of Cheibriados.
  3666 | D:5      | Found a white marble altar of Elyvilon.
  3668 | D:5      | Found a broken altar of Ashenzari.
  4478 | D:5      | Reached XP level 8. HP: 9/67 MP: 12/12
  4840 | D:6      | Noticed Blork the orc
  4855 | D:6      | Killed Blork the orc
  5000 | D:6      | Slain by an orc warrior

Illustrated notes

Levels and vault maps discovered:
D:1:      shiori_arrival_maze, layout_basic, dreamdust_princess_corridor
D:2:      wander_river, layout_basic, minmay_randomly_rotated_circles
D:3:      layout_loops_cross, nicolae_qazlal_general_emergency,
          lemuel_crystal_altar, dk_xom_monty_hall, minmay_ruptured,
          uniq_jessica, uniq_sigmund
D:4:      layout_cave_pools
D:5:      layout_rooms, gammafunk_temple_overflow_forgotten
D:6:      layout_loops_ring, minmay_temple_entry_offerings,
          gup_sewer_entry_glass, minmay_chambers_of_fives, uniq_blork_the_orc

Skill      XL: |  1  2  3  4  5  6  7 |
---------------+----------------------+-----
Invocations    | 1 2 3 |  3.5
Short Blades   | 1 2 3 |  3.2
Long Blades    | 1 2 3 |  3.2
Maces & Flails | 1 2 3 |  3.2
Polearms       | 1 2 3 |  3.2
Staves         | 1 2 3 |  3.2
Ranged Weapons | 1 2 3 |  3.2
Throwing       | 1 2 3 |  3.2
Dodging        | 1 2 3 |  3.2
Stealth        | 1 2 3 |  3.2
Unarmed Combat | 1 2 3 |  3.2
Spellcasting   | 1 2 3 |  3.2
Evocations     | 1 2 3 |  3.2
Conjurations   | 1 2 |  2.6
Hexes          | 1 2 |  2.6
Summonings     | 1 2 |  2.6
Necromancy     | 1 2 |  2.6
Translocations | 1 2 |  2.6
Transmutations | 1 2 |  2.6
Fire Magic     | 1 2 |  2.6
Ice Magic      | 1 2 |  2.6
Air Magic      | 1 2 |  2.6
Earth Magic    | 1 2 |  2.6
Poison Magic   | 1 2 |  2.6
Axes           | 5 |  5.6
Fighting       | 7 |  7.3
Armour         | 7 |  7.3
Shields        | 7 |  7.3

Action                   |  1- 3 |  4- 6 |  7- 9 || total
-------------------------+-------+-------+-------++-------
Melee: War axe           |   100 |   104 |   129 ||   333
       Bite              |     9 |    11 |     9 ||    29
  Use: Potion            |       |     6 |     4 ||    10
       Scroll            |       |       |     6 ||     6
Armor: Scale mail        |    48 |    45 |    62 ||   155
Dodge: Dodged            |    38 |    51 |    45 ||   134
Block: Buckler           |    26 |    25 |    49 ||   100

Table legend: (Time is in decaauts)
 A = Elapsed time spent in this place.
 B = Non-inter-level travel time spent in this place.
 C = Inter-level travel time spent in this place.
 D = Time resting spent in this place.
 E = Time spent auto-exploring this place.
 F = Levels seen in this place.
 G = Mean time per level.
                   A        B        C        D        E       F      G
               +--------+--------+--------+--------+--------+-----+--------+
         Total |   5106 |   4964 |    142 |    712 |   3409 |   6 |  851.0 |
       Dungeon |   5106 |   4964 |    142 |    712 |   3409 |   6 |  851.0 |
               +--------+--------+--------+--------+--------+-----+--------+

Top non-repeatable levels by time:
     D:3: 1127 daAuts
     D:5: 1100 daAuts
     D:2: 1084 daAuts
     D:1: 826 daAuts
     D:4: 785 daAuts
     D:6: 182 daAuts
